 Dungeon Crawl Stone Soup version 0.23-a0-565-g3e74e4c (webtiles) character file.

7 Lavandula the Sneak (level 2, -7/17 HPs)
             Began as a Halfling Enchanter on Dec 13, 2018.
             Killed from afar by Natasha (10 damage)
             ... with a magic dart
             ... on level 2 of the Dungeon.
             The game lasted 00:01:22 (420 turns).

Lavandula the Sneak (Halfling Enchanter)             Turns: 420, Time: 00:01:22

Health: -7/17      AC:  2    Str:  9    XL:     2   Next: 5%
Magic:  0/4        EV: 15    Int: 13    God:
Gold:   9          SH:  0    Dex: 14    Spells: 1/4 levels left

rFire    . . .     SeeInvis .   a - +1 dagger
rCold    . . .     Gourm    .   (shield restricted)
rNeg     . . .     Faith    .   b - +0 robe
rPois    .         Spirit   .   (no helmet)
rElec    .         Reflect  .   (no cloak)
rCorr    .         Harm     .   (no gloves)
MR       .....                  (no boots)
Stlth    ++........             (no amulet)
HPRegen  0.05/turn              (no ring)
MPRegen  0.09/turn              (no ring)

@: no status effects
A: small, mutation resistance 1
a: no special abilities


You were on level 2 of the Dungeon.
You were not hungry.

You visited 1 branch of the dungeon, and saw 2 of its levels.

You collected 9 gold pieces.

Inventory:

Hand Weapons
 a - a +1 dagger (weapon)
Missiles
 c - 14 sling bullets
Armour
 b - a +0 robe (worn)
Scrolls
 e - a scroll of fog {unknown}
 f - a scroll of remove curse {unknown}
 g - a scroll of amnesia {unknown}
 h - a scroll of immolation {unknown}
Comestibles
 d - 2 rations


   Skills:
 + Level 2.4 Short Blades
 - Level 2.1 Dodging
 - Level 3.2 Stealth
 - Level 1.5 Spellcasting
 - Level 2.4 Hexes


You had one spell level left.
You knew the following spells:

 Your Spells              Type           Power        Failure   Level  Hunger
a - Corona                Hex            #......      10%         1    ##.....
b - Ensorcelled Hibernat  Hex/Ice        #.....       24%         2    ###....

Your spell library contained the following spells:

 Spells                   Type           Power        Failure   Level  Hunger
 Confuse                  Hex            #.......     30%         3    ####...
 Tukima's Dance           Hex            #.......     30%         3    ####...
 Dazzling Spray           Conj/Hex       #.....       43%         3    ####...


Dungeon Overview and Level Annotations

Branches:
Dungeon (2/15)

Altars:

Annotations:
D:2 Natasha


Innate Abilities, Weirdness & Mutations

You are small and have problems with some larger weapons.
You are somewhat resistant to further mutation.


Message History

Natasha misses you.
You barely miss Natasha.
Natasha is moderately wounded.
Natasha claws you but does no damage.
You hit Natasha but do no damage.
Natasha is moderately wounded.
Natasha closely misses you.
Casting: Ensorcelled Hibernation (safe; 24% risk of failure)
Confirm with . or Enter, or press ? or * to list all spells.
Aiming: Corona (safe; 10% risk of failure)
Press: ? - help, Shift-Dir - straight line, f/p - Natasha
Aim: Natasha (moderately wounded, chance to defeat MR: 41%) Natasha resists with significant effort.
Natasha barely misses you.
You closely miss Natasha.
Natasha is moderately wounded.
Natasha stares at you and mumbles some strange words.
The magic dart hits you!
Ouch! That really hurt!
You die...

# #.#
#. ...
#. #.#
##
.......
.#.#.
... #h#
#@# #.#
#.# #.#
#.# #.#
#.. ###


You could see Natasha.

Vanquished Creatures
  A goblin (D:1)
  3 hobgoblins (D:1)
  A bat (D:1)
  A rat (D:1)
6 creatures vanquished.

Notes
Turn   | Place    | Note
-------+----------+-------------------------------------------
     0 | D:1      | Lavandula the Halfling Enchanter began the quest for the
                  | Orb.
     0 | D:1      | Reached XP level 1. HP: 11/11 MP: 3/3
   344 | D:2      | Noticed Natasha
   375 | D:1      | Reached XP level 2. HP: 17/17 MP: 1/4
   399 | D:1      | Learned a level 2 spell: Ensorcelled Hibernation
   420 | D:2      | Killed from afar by Natasha

Vault maps used:
D:1:      dpeg_arrival_simpleton_c, minmay_cupped
D:2:      grunt_dithmenos_smoke_and_mirrors, uniq_terence, uniq_natasha

Skill      XL: |  1 |
---------------+----+-----
Short Blades   | 2 |  2.4
Dodging        | |  2.1
Stealth        | |  3.2
Spellcasting   | |  1.5
Hexes          | |  2.4

Action                   || total
-------------------------++-------
Melee: Dagger            ||    33
 Cast: Corona            ||     3
       Ensorcelled Hiber ||     2
Armor: Robe              ||     2
Dodge: Dodged            ||    21

Table legend:
 A = Non-vault XP
 B = Vault XP
 C = Vault XP percentage of total XP
 D = Non-vault monster count
 E = Vault monster count
 F = Vault count percentage of total count
                 A         B        C        D         E       F
            +---------+---------+-------+---------+---------+-------
      Total |      10 |       0 |   0.0 |       6 |       0 |   0.0
            +---------+---------+-------+---------+---------+-------
        D:1 |      10 |       0 |   0.0 |       6 |       0 |   0.0
            +---------+---------+-------+---------+---------+-------
